 Dungeon Crawl Stone Soup version 0.31-a0-121-g1e386dd289 (webtiles) character file.

Game seed: 256009466273411534

7228 KimchiStew the Spear-Bearer (level 11, -8/74 HPs)
             Began as a Formicid Hexslinger on May 31, 2023.
             Was a Believer of Hepliaklqana.
             Mangled by a two-headed ogre
             ... wielding a +0 giant club
              (15 damage)
             ... on level 9 of the Dungeon.
             The game lasted 00:23:36 (9079 turns).

KimchiStew the Spear-Bearer (Formicid Hexslinger)   Turns: 9079, Time: 00:23:36

Health: -8/74      AC:  9    Str: 15    XL:     11   Next: 33%
Magic:  17/17      EV: 11    Int: 13    God:    Hepliaklqana [**....]
Gold:   468        SH:  5    Dex: 18    Spells: 7/16 levels left

rFire   + . .        C - +3 demon trident (venom)
rCold   . . .        o - +0 buckler
rNeg    . . .        z - +1 troll leather armour
rPois   .            (helmet unavailable)
rElec   .            (no cloak)
rCorr   .            (no gloves)
SInv    +            (no boots)
Will    +....        t - amulet of regeneration
Stlth   +++          y - ring of protection from fire
HPRegen 1.92/turn    n - +4 ring of protection
MPRegen 0.15/turn

%: no passive effects
@: no status effects
A: reduced essence, permanent stasis, dig shafts and tunnels, antennae 3, four
strong arms
a: Dig, Shaft Self, Renounce Religion, Recall Ancestor, Ancestor Identity


You were on level 9 of the Dungeon.
You worshipped Hepliaklqana.
Hepliaklqana was pleased with you.
You visited 2 branches of the dungeon, and saw 10 of its levels.

You collected 564 gold pieces.
You spent 96 gold pieces at shops.

Inventory:

Hand Weapons
 g - a +0 short sword
 C - a +3 demon trident of venom (weapon)
Missiles
 p - 5 curare-tipped darts
 x - 10 poisoned darts (quivered)
Armour
 o - a +0 buckler (worn)
 z - a +1 troll leather armour (worn)
Jewellery
 c - an amulet of reflection
 e - a ring of protection from cold
 n - a +4 ring of protection (right hand)
 t - an amulet of regeneration (around neck)
 u - an amulet of the acrobat
 y - a ring of protection from fire (left hand)
Wands
 a - a wand of paralysis (8)
 j - a wand of flame (21)
 D - a wand of mindburst (19)
 E - a wand of digging (6)
Scrolls
 b - a scroll of poison
 f - 3 scrolls of fog
 v - 2 scrolls of immolation
 w - a scroll of brand weapon
 A - 3 scrolls of magic mapping
 G - a scroll of enchant weapon
 H - a scroll of fear {unknown}
Potions
 d - 2 potions of cancellation
 h - a potion of might {unknown}
 i - 2 potions of curing {unknown}
 k - 3 potions of haste {unknown}
 l - 2 potions of degeneration {unknown}
 m - 2 potions of attraction {unknown}
 q - 3 potions of heal wounds {unknown}
 r - 2 potions of mutation {unknown}
 s - a potion of invisibility {unknown}
 B - a potion of magic {unknown}
 F - a potion of ambrosia {unknown}


   Skills:
 - Level 6.4 Fighting
 - Level 2.0 Short Blades
 - Level 10.0 Polearms
 - Level 2.0 Ranged Weapons
 - Level 4.0 Throwing
 - Level 2.0 Armour
 - Level 1.7 Dodging
 - Level 4.0 Stealth
 - Level 4.0 Shields
 + Level 3.4 Spellcasting
 - Level 5.0 Hexes
 * Level 5.1 Poison Magic
 - Level 8.0 Invocations
 + Level 4.4 Evocations


You had 7 spell levels left.
You knew the following spells:

 Your Spells              Type           Power      Damage    Failure   Level
a - Slow                  Hex            60%        N/A       4%          1
b - Cause Fear            Hex            7%         N/A       41%         4
c - Olgreb's Toxic Radia  Pois           15%        N/A       38%         4

Your spell library contained the following spells:

 Spells                   Type           Power      Damage    Failure   Level
 Sting                    Tmut/Pois      32%        1d4       12%         1
 Poisonous Vapours        Pois/Air       16%        N/A       19%         2
 Inner Flame              Hex/Fire       8%         N/A       36%         3
 Portal Projectile        Hex/Tloc       16%        N/A       36%         3


Dungeon Overview and Level Annotations

Branches:
Dungeon (9/15)             Temple (1/1) D:5            Lair (0/5) D:8
    Orc (0/2) D:9

Altars:
Ashenzari
Cheibriados
Dithmenos
Elyvilon
Fedhas
Gozag
Hepliaklqana
Makhleb
Nemelex Xobeh
Qazlal
Ru
Sif Muna
Trog
Uskayaw
Wu Jian
Xom
Yredelemnul
The Shining One

Shops:
D:5 :   D:6 ?

Annotations:
D:3 Grinder


Innate Abilities, Weirdness & Mutations

Your life essence is reduced to manifest your ancestor. (-10% HP)
You cannot be hasted, slowed, berserked, paralysed or teleported.
You can dig through walls and to a lower floor.
You have a pair of large antennae on your head. (SInv)
Your four strong arms can wield two-handed weapons with a shield.


Message History

The orc wizard hits you but does no damage.
Gaius hits the orc wizard with a +0 flail!
The orc wizard dies!
No target in view!
An orc comes into view.
It is wielding a +0 war axe and carrying a wand of roots (4).
Items here: $ ) [ †.
The orc zaps a wand.
The roots erupt in riotous growth!
The grasping roots grab you! The grasping roots constrict you.
You hear two shouts!
You take 4 damage, and have 70/74 hp.
The roots grasp on you weakens, but your attempt to escape fails.
The grasping roots constrict you.
You escape the roots grasp.
Gaius hits the orc with a +0 flail!
The orc dies!
No target in view!
No target in view!
No target in view!
You swap places.
You puncture the two-headed ogre!
The two-headed ogre is poisoned.
The two-headed ogre is lightly wounded.
The two-headed ogre hits you with a +0 giant club!!
The two-headed ogre hits you with a +0 giant spiked club.
Gaius hits the two-headed ogre with a +0 flail.
You take 31 damage, and have 43/74 hp.
You hit the two-headed ogre.
The two-headed ogre is moderately wounded.
You barely miss the two-headed ogre.
The two-headed ogre is moderately wounded.
The two-headed ogre closely misses you.
The two-headed ogre hits you with a +0 giant spiked club!
Gaius hits the two-headed ogre with a +0 flail!
You take 15 damage, and have 29/74 hp.
Gaius hits the two-headed ogre but does no damage.
Gaius hits the two-headed ogre with a +0 flail.
The two-headed ogre attacks as you move away!
The two-headed ogre hits you with a +0 giant club!!
* * * LOW HITPOINT WARNING * * *
The two-headed ogre hits you with a +0 giant spiked club!
You die...

##...####.##....##
##......##.#...####
.'......##.......[#
#......####.####.#
#......))........#
#.......#).#######
............##########
###...##.##..........#
###..........@###
###.....)..O#
#.>.......#
##.......R# #...)....#
#.......)# #...=......
#........[..#
########....#


You could see the friendly Gaius the knight and a two-headed ogre (very
poisoned, ally target).

Vanquished Creatures
  A two-headed ogre (D:8)
  A troll (D:8)
  4 yaks
  4 wyverns
  3 hogs (D:8)
  3 steam dragons (D:7)
  A basilisk (D:8)
  3 water moccasins (D:8)
  3 sky beasts
  2 ice beasts
  2 orc warriors
  3 black bears
  An ogre (D:4)
  A phantom (D:4)
  Blork the orc (D:5)
  5 bullfrogs
  4 scorpions
  3 wights (D:6)
  12 killer bees
  A hound (D:7)
  A jelly (D:6)
  2 orc priests
  3 sleepcaps
  3 iguanas
  5 orc wizards
  3 gnolls (D:6)
  4 adders
  A shadow imp (D:7)
  A white imp (D:7)
  2 worms
  4 dart slugs
  28 orcs
  4 bats
  6 endoplasms
  4 giant cockroaches
  3 goblins (D:3)
  4 hobgoblins
  6 jackals
  9 kobolds
  2 quokkas
  7 ball pythons
  4 frilled lizards
  4 rats
168 creatures vanquished.

Vanquished Creatures (collateral kills)
  A human (D:8)
  A basilisk (D:8)
  A water moccasin (D:8)
  2 black bears (D:8)
  An orc warrior (D:8)
  A kobold brigand (D:8)
  2 howler monkeys (D:9)
  An orc priest (D:9)
  7 orc wizards
  A mummy (D:8)
  8 orcs
  2 kobolds (D:8)
28 creatures vanquished.

Vanquished Creatures (others)
  2 knights (D:8)
  4 ancestors
6 creatures vanquished.

Grand Total: 202 creatures vanquished

Notes
Turn   | Place    | Note
-------+----------+-------------------------------------------
     0 | D:1      | KimchiStew the Formicid Hexslinger began the quest for the
                  | Orb.
     0 | D:1      | Reached XP level 1. HP: 15/15 MP: 2/2
   110 | D:1      | Reached skill level 1 in Stealth
   262 | D:1      | Reached XP level 2. HP: 21/21 MP: 3/3
   598 | D:1      | Reached XP level 3. HP: 26/26 MP: 1/4
  1211 | D:2      | Found an opulent altar of Gozag.
  1594 | D:2      | Reached XP level 4. HP: 26/33 MP: 3/5
  1935 | D:3      | Reached skill level 1 in Armour
  2160 | D:3      | Noticed Grinder
  2366 | D:3      | Found a shimmering altar of Xom.
  2497 | D:4      | Noticed a scorpion
  2506 | D:4      | Killed a scorpion
  2507 | D:4      | Reached XP level 5. HP: 39/39 MP: 7/7
  2533 | D:4      | Noticed a phantom
  2565 | D:4      | Killed a phantom
  2566 | D:4      | Reached skill level 5 in Hexes
  2566 | D:4      | Reached XP level 6. HP: 7/47 MP: 7/9
  2880 | D:4      | Noticed an ogre
  2886 | D:4      | Killed an ogre
  2887 | D:4      | Reached skill level 1 in Short Blades
  3142 | D:4      | Reached skill level 1 in Throwing
  3619 | D:4      | Found a shimmering blue altar of Sif Muna.
  3636 | D:4      | Reached XP level 7. HP: 46/54 MP: 10/10
  4157 | D:5      | Entered Level 5 of the Dungeon
  4157 | D:5      | Found a glowing golden altar of the Shining One.
  4347 | D:5      | Reached skill level 1 in Shields
  4375 | D:5      | Noticed Blork the orc
  4478 | D:5      | Reached XP level 8. HP: 60/60 MP: 11/11
  4494 | D:5      | Killed Blork the orc
  4563 | D:5      | Found a staircase to the Ecumenical Temple.
  4565 | D:5      | Found Woguebi's Book Shoppe.
  4790 | D:5      | Found an opulent altar of Gozag.
  4791 | D:5      | Found a stormy altar of Qazlal.
  4923 | D:5      | Reached skill level 5 in Fighting
  5087 | Temple   | Entered the Ecumenical Temple
  5172 | Temple   | Became a worshipper of Hepliaklqana the Forgotten
  5257 | D:6      | Reached skill level 1 in Invocations
  5707 | D:6      | Found Tegywn's Magic Scroll Shoppe.
  5718 | D:6      | Bought a scroll of fog for 48 gold pieces
  5718 | D:6      | Bought a scroll of immolation for 48 gold pieces
  6242 | D:6      | Noticed a yak
  6251 | D:6      | Learned a level 4 spell: Cause Fear
  6281 | D:6      | Killed a yak
  6282 | D:6      | Reached skill level 2 in Polearms
  6282 | D:6      | Reached XP level 9. HP: 71/71 MP: 12/12
  6308 | D:6      | Reached skill level 3 in Polearms
  6323 | D:6      | Reached skill level 4 in Polearms
  6618 | D:7      | Reached skill level 5 in Polearms
  6634 | D:7      | Reached * piety under Hepliaklqana
  6761 | D:7      | Reached skill level 6 in Polearms
  6882 | D:7      | Reached skill level 7 in Polearms
  7212 | D:7      | Reached XP level 10. HP: 69/69 MP: 13/13
  7385 | D:7      | Reached skill level 8 in Polearms
  7564 | D:8      | Reached skill level 9 in Polearms
  7564 | D:8      | Reached skill level 5 in Invocations
  7741 | D:8      | Found a staircase to the Lair.
  7751 | D:8      | Reached skill level 10 in Polearms
  8052 | D:8      | Reached skill level 1 in Evocations
  8067 | D:8      | Reached XP level 11. HP: 39/74 MP: 16/16
  8131 | D:8      | Found an ornate altar of the Wu Jian Council.
  8137 | D:8      | Learned a level 4 spell: Olgreb's Toxic Radiance
  8246 | D:8      | Reached ** piety under Hepliaklqana
  8247 | D:8      | Remembered your ancestor Gaius as a knight
  8503 | D:8      | Noticed a two-headed ogre
  8519 | D:8      | Killed a two-headed ogre
  8566 | D:8      | Found a snail-covered altar of Cheibriados.
  8856 | D:9      | Found a staircase to the Orcish Mines.
  9017 | D:9      | Noticed a two-headed ogre
  9038 | D:9      | Reached skill level 5 in Poison Magic
  9079 | D:9      | Mangled by a two-headed ogre

Illustrated notes

Levels and vault maps discovered:
D:1:      minmay_arrival_stone_box, layout_basic
D:2:      layout_basic, basic_altar
D:3:      layout_basic, tgw_xom, st_stairs_11, uniq_grinder
D:4:      layout_layer_cave, led_sif_book
D:5:      layout_basic, mainiacjoe_overflow_paths,
          mainiacjoe_overflow_divided_tiny, temple_statues, serial_shops, shop,
          chequers_serial_rivers_small_3, minmay_gold_behind_fungi,
          uniq_blork_the_orc
D:6:      layout_basic, serial_shops, nicolae_shop_statue_plus,
          minmay_misc_feat_iff
D:7:      layout_loops_corners
D:8:      layout_loops_corners, nicolae_wu_jian_glorious_leap,
          chei_slow_surprise, minmay_lair_entry_grove, grunt_livestock
D:9:      layout_basic, orc_0_dummy, hellmonk_bongcloud_opening
Temple:   bh_familiar_temple

Skill      XL: |  1  2  3  4  5  6  7  8  9 10 11 |
---------------+----------------------------------+-----
Stealth        | 2 3 4 |  4.0
Armour         | 1 2 |  2.0
Fighting       | 2 3 4 6 |  6.4
Hexes          | 4 5 |  5.0
Spellcasting   | 2 3 |  3.4
Short Blades   | 1 2 |  2.0
Throwing       | 1 3 4 |  4.0
Shields        | 4 |  4.0
Invocations    | 4 7 8 |  8.0
Polearms       | 2 7 10 | 10.0
Evocations     | 2 4 |  4.4
Poison Magic   | 5 |  5.1
Ranged Weapons | |  2.0
Dodging        | |  1.7

Action                     |  1- 3 |  4- 6 |  7- 9 | 10-12 || total
---------------------------+-------+-------+-------+-------++-------
  Melee: Short sword       |       |    14 |     1 |       ||    15
         Unarmed           |       |     6 |       |       ||     6
         Demon trident     |       |       |    77 |   198 ||   275
   Fire: Sling             |   110 |   139 |   207 |       ||   456
  Throw: Dart              |       |     3 |    31 |     8 ||    42
   Cast: Slow              |    14 |    18 |    44 |     5 ||    81
 Invoke: Recall Ancestor   |       |       |       |     1 ||     1
         Ancestor Life: Kn |       |       |       |     1 ||     1
  Evoke: Wand              |       |     2 |       |       ||     2
    Use: Scroll            |     2 |     1 |     6 |     3 ||    12
         Potion            |       |     2 |       |       ||     2
   Stab: Sleeping          |       |       |     3 |     2 ||     5
 Armour: Leather armour    |     7 |    18 |    67 |       ||    92
         Robe              |     1 |       |       |       ||     1
         Skin              |       |     4 |       |       ||     4
         Troll leather arm |       |       |       |    33 ||    33
  Dodge: Dodged            |    23 |    55 |    99 |    58 ||   235
  Block: Buckler           |       |       |    18 |    31 ||    49

Table legend: (Time is in decaauts)
 A = Elapsed time spent in this place.
 B = Non-inter-level travel time spent in this place.
 C = Inter-level travel time spent in this place.
 D = Time resting spent in this place.
 E = Time spent auto-exploring this place.
 F = Levels seen in this place.
 G = Mean time per level.
                   A        B        C        D        E       F      G
               +--------+--------+--------+--------+--------+-----+--------+
         Total |   9203 |   8865 |    338 |    810 |   4887 |  10 |  920.3 |
       Dungeon |   9086 |   8797 |    289 |    810 |   4836 |   9 | 1009.6 |
        Temple |    116 |     68 |     48 |      0 |     51 |   1 |  116.0 |
               +--------+--------+--------+--------+--------+-----+--------+

Top non-repeatable levels by time:
     D:4: 1782 daAuts
     D:6: 1362 daAuts
     D:8: 1190 daAuts
     D:7: 964 daAuts
     D:2: 949 daAuts
     D:5: 947 daAuts
     D:1: 912 daAuts
     D:3: 687 daAuts
     D:9: 290 daAuts
  Temple: 116 daAuts
